[Event "Titled Tuesday Blitz October 12 2021"]
[White "Moroni, Luca Jr"]
[Black "Isajevsky, Anton"]
[WhiteFideId "865834"]
[BlackFideId "4142500"]
[WhiteElo "2491"]
[BlackElo "2510"]
[Result "1-0"]
[Round "05"]
[TimeControl "180+1"]
[Date "2021.10.12"]
[WhiteClock "0:00:26"]
[BlackClock "0:00:15"]

1. d4 d5 2. c4 e6 3. Nc3 a6 4. cxd5 exd5 5. Nf3 c6 6. Qb3 Nf6 7. Bg5 Be7 8. e3 Nh5 9. Bxe7 Qxe7 10. Be2 Nd7 11. Na4 g6 12. O-O O-O 13. Rac1 Re8 14. a3 Nhf6 15. Bd3 b5 16. Nc5 Nxc5 17. Rxc5 Bb7 18. Rfc1 Nd7 19. R5c3 Qd6 20. Be2 Re6 21. Ne1 Rae8 22. Nd3 a5 23. Bg4 f5 24. Bf3 Kg7 25. h3 R8e7 26. R3c2 g5 27. Qc3 a4 28. Qb4 Qxb4 29. Nxb4 Nb8 30. Nd3 Nd7 31. g3 Kg6 32. Kf1 h5 33. h4 g4 34. Be2 Kf7 35. Nf4 Rh6 36. Bd3 Re4 37. Bxe4 fxe4 38. Nxd5 1-0


[Site "https://www.chess.com"]

[Event "Titled Tuesday Blitz October 12 2021"]
[White "Moskalenko, Alexander"]
[Black "Bortnyk, Olexandr"]
[WhiteFideId "4155351"]
[BlackFideId "14120828"]
[WhiteElo "2515"]
[BlackElo "2723"]
[Result "1-0"]
[Round "05"]
[TimeControl "180+1"]
[Date "2021.10.12"]
[WhiteClock "0:01:44"]
[BlackClock "0:00:03"]

1. d4 Nf6 2. c4 d6 3. Nf3 g6 4. Nc3 Bf5 5. Qb3 Qc8 6. g3 Bg7 7. Bg2 O-O 8. Nh4 Nc6 9. Nxf5 Qxf5 10. e3 e5 11. d5 Na5 12. Qb5 b6 13. e4 Qc8 14. Be3 a6 15. Qa4 Ng4 16. Bd2 f5 17. Bh3 Nxf2 18. Kxf2 fxe4+ 19. Kg2 Rf2+ 20. Kxf2 Qxh3 21. Raf1 Rf8+ 22. Ke1 Rf3 23. Qe8+ Bf8 24. Rxf3 exf3 25. Qe6+ Qxe6 26. dxe6 Nxc4 27. Rf1 Nxb2 28. Rxf3 c6 29. Bh6 Nd3+ 30. Rxd3 Bxh6 31. Rxd6 1-0


[Site "https://www.chess.com"]

[Event "Titled Tuesday Blitz October 12 2021"]
[White "Nakamura, Hikaru"]
[Black "Pichot, Alan"]
[WhiteFideId "2016192"]
[BlackFideId "110973"]
[WhiteElo "2884"]
[BlackElo "2600"]
[Result "1-0"]
[Round "05"]
[TimeControl "180+1"]
[Date "2021.10.12"]
[WhiteClock "0:00:14"]
[BlackClock "0:00:06"]

1. Nf3 Nf6 2. b3 d5 3. e3 Bf5 4. Bb2 h6 5. g3 e6 6. Bg2 a5 7. a3 Be7 8. O-O O-O 9. d3 a4 10. b4 c5 11. bxc5 Bxc5 12. Nbd2 Nc6 13. Qe2 Bh7 14. d4 Bd6 15. c4 Qa5 16. Rfc1 Rfc8 17. Bc3 Qa6 18. Bf1 Bg6 19. Qd1 Qa7 20. c5 Be7 21. Bb5 Ne4 22. Nxe4 Bxe4 23. Ne1 b6 24. cxb6 Qxb6 25. Bxa4 Na5 26. Bxa5 Qxa5 27. Bc2 Bxa3 28. Rcb1 Bxc2 29. Nxc2 Qc3 30. Ne1 Bd6 31. Rxa8 Rxa8 32. h4 Ra2 33. Rc1 Qb2 34. Nd3 Qa3 35. h5 Kh7 36. Kg2 Be7 37. Rc7 Bg5 38. Kf3 Kg8 39. Rc8+ Kh7 40. Qb1 g6 41. Rc7 Ra1 42. Qb8 1-0


[Site "https://www.chess.com"]

[Event "Titled Tuesday Blitz October 12 2021"]
[White "Ovchinnikov, Vsevolod"]
[Black "Holt, Conrad"]
[WhiteFideId "24176842"]
[BlackFideId "2034387"]
[WhiteElo "2376"]
[BlackElo "2586"]
[Result "0-1"]
[Round "05"]
[TimeControl "180+1"]
[Date "2021.10.12"]
[WhiteClock "0:00:03"]
[BlackClock "0:00:16"]

1. d4 d5 2. c4 c6 3. Nf3 Nf6 4. g3 dxc4 5. Bg2 Nbd7 6. a4 a5 7. O-O g6 8. Qc2 Nb6 9. e4 Bg7 10. h3 O-O 11. Re1 Ne8 12. Na3 Nd6 13. Bf4 Bd7 14. e5 Ndc8 15. Nxc4 Nxc4 16. Qxc4 Nb6 17. Qd3 Bf5 18. Qe2 Qd7 19. g4 Be6 20. Rec1 f5 21. exf6 exf6 22. Ra3 Rfe8 23. Qc2 Bf8 24. Rd3 Nd5 25. Bd2 Bd6 26. Re1 Bf7 27. Rxe8+ Rxe8 28. Bxa5 Nf4 29. Re3 Bd5 30. Bd2 Nxg2 31. Kxg2 Rc8 32. Qd3 Bf4 33. Re2 Bb8 34. Kg1 Ba7 35. Bc3 Qd6 36. Qe3 Bb8 37. a5 Kf7 38. Re1 Rh8 39. Kf1 h5 40. g5 Qd7 41. gxf6 Qxh3+ 42. Ke2 Bxf3+ 43. Kd2 Bd6 44. d5 Qf5 45. dxc6 Bf4 0-1


[Site "https://www.chess.com"]

[Event "Titled Tuesday Blitz October 12 2021"]
[White "Paltrinieri, Nicholas"]
[Black "Yeletsky, Ivan"]
[WhiteFideId "828262"]
[BlackFideId "24180327"]
[WhiteElo "2254"]
[BlackElo "2352"]
[Result "0-1"]
[Round "05"]
[TimeControl "180+1"]
[Date "2021.10.12"]
[WhiteClock "0:01:29"]
[BlackClock "0:00:57"]

1. e4 c6 2. d4 d5 3. exd5 cxd5 4. Bf4 Nf6 5. c3 Bg4 6. Qb3 Qd7 7. Nd2 Nc6 8. Ngf3 Bxf3 9. Nxf3 e6 10. Ne5 Qc8 11. Bd3 Be7 12. O-O O-O 13. Rae1 Nd7 14. Qc2 g6 15. Nf3 Bf6 16. h4 Re8 17. h5 e5 18. dxe5 Ndxe5 19. Nxe5 Nxe5 20. hxg6 hxg6 21. Rd1 Kg7 22. Bb5 Rh8 23. Rxd5 Nf3+ 24. gxf3 Qh3 0-1


[Site "https://www.chess.com"]

[Event "Titled Tuesday Blitz October 12 2021"]
[White "Perez Ponsa, Federico"]
[Black "Indjic, Aleksandar"]
[WhiteFideId "117927"]
[BlackFideId "911925"]
[WhiteElo "2672"]
[BlackElo "2643"]
[Result "0-1"]
[Round "05"]
[TimeControl "180+1"]
[Date "2021.10.12"]
[WhiteClock "0:01:21"]
[BlackClock "0:01:03"]

1. e4 c5 2. Nf3 Nc6 3. Bb5 g6 4. O-O Bg7 5. Re1 Nf6 6. e5 Nd5 7. Nc3 Nc7 8. Bxc6 dxc6 9. d3 b6 10. Ne4 Ne6 11. Be3 h6 12. Qd2 Bb7 13. a3 Kf8 14. b4 cxb4 15. axb4 Kg8 16. Ra3 Kh7 17. h4 Qb8 18. Qc3 Rd8 19. Rea1 Kg8 20. h5 g5 21. Ng3 c5 22. Nf5 Bxf3 23. Nxg7 Kxg7 24. gxf3 Qb7 25. bxc5 bxc5 26. Qc4 Qxf3 27. Rxa7 Rxa7 28. Rxa7 Rd4 29. Bxd4 Nf4 30. e6+ Kh7 0-1


[Site "https://www.chess.com"]

[Event "Titled Tuesday Blitz October 12 2021"]
[White "Rasulov, Vugar"]
[Black "Bordi, Kevin"]
[WhiteFideId "13402390"]
[BlackFideId "621862"]
[WhiteElo "2560"]
[BlackElo "2754"]
[Result "1-0"]
[Round "05"]
[TimeControl "180+1"]
[Date "2021.10.12"]
[WhiteClock "0:01:01"]
[BlackClock "0:00:05"]

1. d4 d5 2. c4 c6 3. Nf3 Nf6 4. Qc2 g6 5. Nc3 Bf5 6. Qb3 Qb6 7. cxd5 Qxb3 8. axb3 Nxd5 9. e4 Nxc3 10. exf5 Nd5 11. fxg6 hxg6 12. Bc4 Nd7 13. O-O Bg7 14. Re1 e6 15. Bd2 O-O 16. h4 Rfd8 17. Bg5 Re8 18. Ne5 N7b6 19. Bd2 a6 20. g4 Nc8 21. h5 gxh5 22. gxh5 Nd6 23. h6 Bf6 24. Kh2 Kh7 25. Bd3+ Kh8 26. Rg1 Rg8 27. h7 Rxg1 28. Rxg1 Bxe5+ 29. dxe5 Nf5 30. Bxf5 exf5 31. Rg5 Kxh7 32. Rxf5 Kg7 33. Rf3 Kf8 34. Bg5 Ke8 35. Kg3 a5 36. Kg4 a4 37. Kf5 Kd7 38. Rh3 axb3 39. Rh7 Rf8 40. Bh6 Ne7+ 41. Ke4 Rg8 42. Rxf7 Rg6 43. Bf8 Re6 44. f4 Ke8 45. Rxe7+ Rxe7 46. Bxe7 Kxe7 47. f5 b5 48. Kd4 1-0


[Site "https://www.chess.com"]

[Event "Titled Tuesday Blitz October 12 2021"]
[White "Rustemov, Alexander"]
[Black "Jacobson, Brandon"]
[WhiteFideId "4119002"]
[BlackFideId "30901561"]
[WhiteElo "2804"]
[BlackElo "2362"]
[Result "0-1"]
[Round "05"]
[TimeControl "180+1"]
[Date "2021.10.12"]
[WhiteClock "0:00:02"]
[BlackClock "0:00:04"]

1. d4 Nf6 2. c4 e6 3. Nf3 d5 4. Nc3 Nbd7 5. cxd5 exd5 6. Bg5 c6 7. e3 Be7 8. Qc2 h6 9. Bh4 O-O 10. Bd3 Re8 11. O-O Ne4 12. Bxe7 Qxe7 13. Rae1 Ndf6 14. Ne5 Bf5 15. f3 Nxc3 16. Bxf5 Nb5 17. Bd3 Nd6 18. Qf2 c5 19. dxc5 Qxe5 20. cxd6 Qxd6 21. Re2 Rac8 22. Rfe1 Rc7 23. g3 Rce7 24. Kg2 a6 25. a3 Nd7 26. Rd2 Ne5 27. Red1 Qf6 28. Bf1 Nc6 29. Rxd5 Rxe3 30. Rd6 Qf5 31. Bd3 Qe5 32. Be4 Rb3 33. R1d2 Na5 34. R6d5 Qc7 35. Qc5 Nc6 36. Rd7 Qb6 37. Qxb6 Rxb6 38. Rc7 Kf8 39. b4 Re7 40. Rdd7 Rxd7 41. Rxd7 a5 42. Bxc6 bxc6 43. bxa5 Ra6 44. Rd3 Rxa5 45. Kf2 Ke7 46. Ke2 c5 47. Kd2 c4 48. Re3+ Kd6 49. Kc2 Kd5 50. Kb2 Kd4 51. Re7 c3+ 52. Kc2 Rxa3 53. Rxf7 Ra2+ 54. Kb3 Rb2+ 55. Ka3 g5 56. h4 gxh4 57. gxh4 Rh2 58. Kb3 Rb2+ 59. Ka3 Rb6 0-1


[Site "https://www.chess.com"]

[Event "Titled Tuesday Blitz October 12 2021"]
[White "Salinas Herrera, Pablo"]
[Black "Fonseca Manrique, Enrique"]
[WhiteFideId "3407128"]
[BlackFideId "5114330"]
[WhiteElo "2541"]
[BlackElo "2536"]
[Result "1-0"]
[Round "05"]
[TimeControl "180+1"]
[Date "2021.10.12"]
[WhiteClock "0:00:42"]
[BlackClock "0:00:21"]

1. e4 c5 2. Nf3 e6 3. d4 cxd4 4. Nxd4 Nc6 5. Nc3 Qc7 6. Be3 a6 7. Qf3 b5 8. O-O-O Bb7 9. Qg3 Qxg3 10. hxg3 b4 11. Na4 Nf6 12. f3 d6 13. Nb6 Rb8 14. Nxc6 Bxc6 15. Bxa6 Be7 16. Be2 O-O 17. Nc4 d5 18. Ne5 Ba8 19. exd5 Nxd5 20. Bd4 Rfc8 21. Bd3 h6 22. Rhe1 Nc3 23. Bxc3 bxc3 24. b3 Ba3+ 25. Kb1 Rc5 26. Nd7 Rbc8 27. Nxc5 Bxc5 28. Be4 Bf2 29. Re2 Bxe4 30. Rxf2 Bd5 31. Re2 g5 32. Re3 h5 33. Rdd3 h4 34. gxh4 gxh4 35. Rxc3 Rb8 36. Rcd3 Kg7 37. Rd4 Rh8 38. Kb2 Kf6 39. a4 Rh5 40. a5 Bc6 41. b4 Rg5 42. Rxh4 Rxg2 43. Rf4+ Ke7 44. Rc4 Bb5 45. Rc5 Bf1 46. b5 Kd6 47. Rec3 f5 48. a6 Rg7 49. Ka3 e5 50. Kb4 e4 51. Rxf5 1-0


[Site "https://www.chess.com"]

[Event "Titled Tuesday Blitz October 12 2021"]
[White "Samsonkin, Artiom"]
[Black "Tologon tegin, Semetei"]
[WhiteFideId "13503111"]
[BlackFideId "13800574"]
[WhiteElo "2513"]
[BlackElo "2224"]
[Result "1-0"]
[Round "05"]
[TimeControl "180+1"]
[Date "2021.10.12"]
[WhiteClock "0:00:05"]
[BlackClock "0:00:05"]

1. e4 c5 2. Nf3 d6 3. d4 cxd4 4. Qxd4 Nf6 5. Be2 Nc6 6. Qe3 g6 7. O-O Bg7 8. c4 O-O 9. Nc3 Bg4 10. Rb1 Rc8 11. b3 a6 12. Rd1 Qa5 13. Bb2 Rfd8 14. a3 Qc5 15. Qd2 Bxf3 16. Bxf3 b5 17. cxb5 axb5 18. b4 Qb6 19. Be2 Ne5 20. Nd5 Nxd5 21. exd5 Nc4 22. Bxc4 Rxc4 23. Bxg7 Kxg7 24. Re1 Rd7 25. Rbc1 Rxc1 26. Rxc1 Rc7 27. Qb2+ f6 28. Re1 Qb7 29. Qb3 Rc4 30. a4 Kf7 31. Rd1 Rc7 32. a5 Rc4 33. h3 h5 34. Qe3 g5 35. Qe6+ Kf8 36. Qf5 Kg7 37. Re1 Rxb4 38. a6 Qa7 39. Qe6 Kf8 40. Qf5 Kg7 41. Qc8 Ra4 42. Qb7 Rxa6 43. Rxe7+ Kg6 44. Qxa7 Ra1+ 45. Qxa1 g4 46. Qb1+ Kg5 47. hxg4 hxg4 48. Qxb5 Kf5 49. Rf7 Kf4 50. Rxf6+ Ke5 51. Qe2+ 1-0


[Site "https://www.chess.com"]

[Event "Titled Tuesday Blitz October 12 2021"]
[White "Shipov, Sergei"]
[Black "Hansen, Eric"]
[WhiteFideId "4113624"]
[BlackFideId "2606771"]
[WhiteElo "2837"]
[BlackElo "2568"]
[Result "1-0"]
[Round "05"]
[TimeControl "180+1"]
[Date "2021.10.12"]
[WhiteClock "0:00:49"]
[BlackClock "0:00:04"]

1. d4 Nf6 2. c4 e6 3. Nc3 Bb4 4. Qc2 O-O 5. a3 Bxc3+ 6. Qxc3 d6 7. f3 c5 8. dxc5 dxc5 9. Bf4 Nc6 10. e3 Qe7 11. Ne2 e5 12. Bg5 Rd8 13. Ng3 h6 14. Bxf6 Qxf6 15. Bd3 Qg5 16. Kf2 Qh4 17. Be4 Bd7 18. Rhd1 Be8 19. Kg1 Qf6 20. Bd5 b6 21. b4 Rab8 22. bxc5 bxc5 23. Ne4 Qe7 24. Rab1 Rb6 25. Rb5 Nd4 26. exd4 exd4 27. Qb3 Bxb5 28. cxb5 a6 29. a4 axb5 30. axb5 Rdb8 31. Bc4 Kh8 32. Ra1 f5 33. Ng3 Qe5 34. Qd3 Rf8 35. Kf1 Rbf6 36. Re1 Qb8 37. Kf2 Qd6 38. Qe2 Qd8 39. Qe7 Qa5 40. Nh5 Qd2+ 41. Re2 Qg5 42. Nxf6 Rxf6 43. Qe8+ Kh7 44. Bg8+ 1-0


[Site "https://www.chess.com"]

[Event "Titled Tuesday Blitz October 12 2021"]
[White "Siva Mahadevan"]
[Black "Cunha, Lucas Aguiar"]
[WhiteFideId "25043153"]
[BlackFideId "2125404"]
[WhiteElo "2203"]
[BlackElo "2361"]
[Result "1-0"]
[Round "05"]
[TimeControl "180+1"]
[Date "2021.10.12"]
[WhiteClock "0:00:18"]
[BlackClock "0:00:08"]

1. e4 c5 2. Nf3 e6 3. d4 cxd4 4. Nxd4 Nc6 5. Nc3 Qc7 6. Be2 a6 7. O-O Nf6 8. Be3 Bb4 9. Na4 O-O 10. c4 Be7 11. c5 Nxe4 12. Rc1 f5 13. g3 f4 14. Bxf4 Rxf4 15. gxf4 Qxf4 16. Nb6 Rb8 17. Nxc6 bxc6 18. Nxc8 Rxc8 19. Qxd7 Rc7 20. Qxe6+ Kf8 21. Rc4 Qg5+ 22. Kh1 Nxc5 23. Qh3 h6 24. b4 Nb7 25. Qg3 Qd5+ 26. Qf3+ Qxf3+ 27. Bxf3 Nd8 28. Rfc1 Rd7 29. a3 Rd3 30. R1c3 Rd2 31. Kg2 g5 32. Bxc6 Ne6 33. Rc2 Rd6 34. Be4 Nf4+ 35. Kf3 h5 36. Rc8+ Kf7 37. R8c7 Kf8 38. Ra7 Bd8 39. Rc8 Ne6 40. Ke3 g4 41. Rh7 Kg8 42. Rxh5 Kg7 43. Rh7+ Kf6 44. Rc6 Bb6+ 45. Ke2 Nd4+ 46. Kf1 Nxc6 47. Bxc6 Rd2 48. Bd7 Rxf2+ 49. Ke1 Rf4 50. Rh6+ Kg5 51. Rxb6 Re4+ 52. Kf2 Rf4+ 53. Kg2 Rd4 54. Ba4 Rd2+ 55. Kg1 Rd3 56. Rxa6 Rxa3 57. b5 Ra1+ 58. Kf2 Ra2+ 59. Ke3 Rxh2 60. b6 Rb2 61. Bc6 g3 62. b7 Kg4 63. Ra8 Rb3+ 64. Kd4 Kf5 65. b8=Q Rxb8 66. Rxb8 1-0


[Site "https://www.chess.com"]

[Event "Titled Tuesday Blitz October 12 2021"]
[White "Smirnov, Pavel"]
[Black "Florescu, Codrut-Constantin"]
[WhiteFideId "4123425"]
[BlackFideId "1202200"]
[WhiteElo "2571"]
[BlackElo "2243"]
[Result "1-0"]
[Round "05"]
[TimeControl "180+1"]
[Date "2021.10.12"]
[WhiteClock "0:00:43"]
[BlackClock "0:01:34"]

1. d4 Nf6 2. c4 e6 3. Nf3 b6 4. g3 Ba6 5. b3 Bb7 6. Bg2 Bb4+ 7. Bd2 a5 8. O-O O-O 9. Bf4 a4 10. bxa4 d6 11. Qb3 Ba5 12. Nc3 Nbd7 13. Nb5 h6 14. Rfd1 Be4 15. Rac1 Re8 16. h3 e5 17. dxe5 Bxf3 18. Qxf3 dxe5 19. Qxa8 Qxa8 20. Bxa8 exf4 21. Bc6 Re7 22. gxf4 Nc5 23. Rd8+ Kh7 24. e3 g5 25. fxg5 hxg5 26. Kg2 Nfe4 27. Re8 Rxe8 28. Bxe8 f5 29. Rd1 Nxa4 30. Nxc7 Nac3 31. Rd7+ Kh6 32. Nd5 Nd1 33. Ne7 Ndxf2 34. Nxf5# 1-0


[Site "https://www.chess.com"]

[Event "Titled Tuesday Blitz October 12 2021"]
[White "Sydoryka, Vladyslav"]
[Black "Svane, Frederik"]
[WhiteFideId "14145928"]
[BlackFideId "12923044"]
[WhiteElo "2282"]
[BlackElo "2459"]
[Result "1-0"]
[Round "05"]
[TimeControl "180+1"]
[Date "2021.10.12"]
[WhiteClock "0:00:13"]
[BlackClock "0:00:03"]

1. c4 c5 2. g3 Nc6 3. Bg2 g6 4. Nc3 Bg7 5. Nf3 d6 6. O-O Bf5 7. d3 Qd7 8. Re1 Bh3 9. Bh1 h5 10. Nd5 h4 11. Ng5 hxg3 12. hxg3 Nf6 13. Nxh3 Qxh3 14. Bg2 Qh2+ 15. Kf1 Nxd5 16. cxd5 Ne5 17. d4 cxd4 18. Qxd4 Kf8 19. Qa4 a6 20. Bf4 Bf6 21. Rac1 Kg7 22. Rc7 b5 23. Qe4 Qh5 24. Rec1 Ng4 25. R1c6 Ne5 26. Rc2 a5 27. b3 a4 28. b4 Nc4 29. Bf3 Qh3+ 30. Bg2 Qh5 31. g4 Qh4 32. Bg3 Qg5 33. e3 Rae8 34. Bf4 Qh4 35. Bg3 Qh6 36. Rb7 Be5 37. f4 Bb2 38. g5 Qh5 39. Re2 Bc3 40. Qd3 Bb2 41. Rxb5 Rc8 42. Rb7 a3 43. b5 Qg4 44. Kf2 Rh3 45. Bxh3 Qxh3 46. Re1 Qg4 47. Qd1 Qf5 48. e4 Qh3 49. Rh1 Bd4+ 50. Qxd4+ e5 51. dxe6+ Kf8 52. Rxh3 1-0


[Site "https://www.chess.com"]

[Event "Titled Tuesday Blitz October 12 2021"]
[White "Tabatabaei, M. Amin"]
[Black "Nguyen, Ngoc Truong Son"]
[WhiteFideId "12521213"]
[BlackFideId "12401110"]
[WhiteElo "2555"]
[BlackElo "2596"]
[Result "1-0"]
[Round "05"]
[TimeControl "180+1"]
[Date "2021.10.12"]
[WhiteClock "0:00:56"]
[BlackClock "0:00:04"]

1. b3 e5 2. Bb2 Nc6 3. e3 d6 4. Nf3 f5 5. c4 Nf6 6. Be2 g6 7. d4 e4 8. Nfd2 Bg7 9. Nc3 O-O 10. a3 Ne7 11. d5 c6 12. dxc6 bxc6 13. b4 Be6 14. Nb3 d5 15. Nd4 Bf7 16. c5 Qc7 17. Qd2 a5 18. O-O Rab8 19. Na4 axb4 20. axb4 g5 21. b5 f4 22. b6 Qd7 23. exf4 gxf4 24. Qxf4 Nh5 25. Qd6 Qxd6 26. cxd6 Nc8 27. Bxh5 Bxh5 28. Ne6 Bxb2 29. Nxf8 Bxa1 30. Nd7 Rb7 31. Nac5 Rxd7 32. Nxd7 Nxd6 33. Rxa1 d4 34. Nc5 d3 35. Nxe4 1-0


[Site "https://www.chess.com"]

[Event "Titled Tuesday Blitz October 12 2021"]
[White "Tang, Andrew"]
[Black "Amgalantengis, Enkh-Amgalan"]
[WhiteFideId "2059630"]
[BlackFideId "4903536"]
[WhiteElo "2588"]
[BlackElo "1716"]
[Result "1-0"]
[Round "05"]
[TimeControl "180+1"]
[Date "2021.10.12"]
[WhiteClock "0:00:09"]
[BlackClock "0:00:07"]

1. d4 Nf6 2. c4 g6 3. f3 Bg7 4. e4 O-O 5. Nc3 c6 6. Be3 d5 7. cxd5 cxd5 8. e5 Nfd7 9. f4 Nc6 10. Nf3 Nb6 11. h3 Bf5 12. Be2 Rc8 13. O-O Nc4 14. Bc1 Nb4 15. Ne1 h5 16. a3 Nc6 17. g4 hxg4 18. hxg4 Bd7 19. Nc2 e6 20. Kg2 Ne7 21. Qd3 f5 22. exf6 Bxf6 23. Rh1 Bg7 24. Qh3 Kf7 25. Qg3 Nd6 26. Bd3 Qb6 27. Rd1 Nb5 28. f5 exf5 29. Rf1 Nxc3 30. bxc3 Rxc3 31. Bd2 Rcc8 32. Rab1 Qc7 33. Bf4 Qc6 34. Nb4 Qf6 35. Be5 Qg5 36. Rbe1 Rce8 37. Bd6 Bc6 38. Bf4 Qf6 39. Be5 Qg5 40. Bf4 Qf6 41. Be3 Kg8 42. g5 Qf7 43. Qh4 f4 44. Rh1 f3+ 45. Kf2 Qe6 46. Qh7+ Kf7 47. Bf4 Qg4 48. Be5 Qg2+ 49. Ke3 Qxg5+ 50. Kxf3 Ke6+ 51. Ke2 Qg2+ 52. Kd1 Bxe5 53. Rxe5+ Kd7 54. Rhe1 Qg4+ 55. Kd2 Qf4+ 56. Kc3 Rf7 57. Qh3+ Kc7 58. Qe6 Kd8 59. Qd6+ Bd7 60. Qb8+ Bc8 61. Qxa7 Rff8 62. Qb6+ Kd7 63. Bb5+ Nc6 64. Bxc6+ bxc6 65. Qxc6+ Kd8 66. Qd6+ Bd7 67. Nc6+ Kc8 68. Qb8# 1-0


[Site "https://www.chess.com"]

[Event "Titled Tuesday Blitz October 12 2021"]
[White "Terry, Renato"]
[Black "Babazada, Khazar"]
[WhiteFideId "3803457"]
[BlackFideId "13413554"]
[WhiteElo "2577"]
[BlackElo "2302"]
[Result "1-0"]
[Round "05"]
[TimeControl "180+1"]
[Date "2021.10.12"]
[WhiteClock "0:00:59"]
[BlackClock "0:01:43"]

1. e4 e5 2. Nf3 Nc6 3. c3 d6 4. d4 Bd7 5. Bc4 Be7 6. dxe5 dxe5 7. Qb3 Na5 8. Bxf7+ Kf8 9. Qd1 Kxf7 10. Nxe5+ Kf8 11. Nxd7+ Ke8 12. Ne5 Qxd1+ 13. Kxd1 Nf6 14. f3 Bd6 15. Nd3 Rd8 16. Kc2 1-0


[Site "https://www.chess.com"]

[Event "Titled Tuesday Blitz October 12 2021"]
[White "Tregubov, Pavel V."]
[Black "Timmermans, Mark"]
[WhiteFideId "4115341"]
[BlackFideId "1026399"]
[WhiteElo "2423"]
[BlackElo "2460"]
[Result "0-1"]
[Round "05"]
[TimeControl "180+1"]
[Date "2021.10.12"]
[WhiteClock "0:00:05"]
[BlackClock "0:01:05"]

1. e4 e5 2. Nf3 Nc6 3. Bb5 f5 4. Nc3 fxe4 5. Nxe4 d5 6. Nxe5 dxe4 7. Nxc6 Qg5 8. Qe2 Nf6 9. f4 Qxf4 10. d4 Qh4+ 11. g3 Qh3 12. Ne5+ c6 13. Bc4 Be6 14. Bg5 O-O-O 15. O-O-O Bd6 16. Bxe6+ Qxe6 17. Nc4 Bc7 18. Kb1 Rhf8 19. Rhe1 Rde8 20. Ne3 Nd5 21. c4 Nb4 22. d5 Qg6 23. Bf4 Bxf4 24. gxf4 Rxf4 25. d6 Nd3 26. Nc2 Qxd6 27. Rxd3 Qxd3 28. Qxd3 exd3 29. Rxe8+ Kd7 30. Re1 dxc2+ 31. Kxc2 Rf2+ 32. Kc3 Rxh2 33. Rf1 g5 34. Rf7+ Kc8 35. Rg7 h6 36. a4 a5 37. b3 Kb8 38. Kd4 Ka7 39. Kc5 Rh4 40. b4 axb4 41. Kxb4 g4 42. Kc5 h5 43. a5 Rh3 44. Rg8 Ra3 45. Kb4 Ra1 46. Rg5 Rh1 47. Kc5 Rh3 48. Rg8 Rf3 49. a6 Rf5+ 50. Kd4 Kxa6 0-1


[Site "https://www.chess.com"]

[Event "Titled Tuesday Blitz October 12 2021"]
[White "Van Foreest, Jorden"]
[Black "Djordjevic, Vuk"]
[WhiteFideId "1039784"]
[BlackFideId "902098"]
[WhiteElo "2600"]
[BlackElo "2463"]
[Result "1-0"]
[Round "05"]
[TimeControl "180+1"]
[Date "2021.10.12"]
[WhiteClock "0:02:04"]
[BlackClock "0:00:16"]

1. a3 d5 2. d4 Nf6 3. Nf3 Bf5 4. c4 e6 5. Nc3 c6 6. Nh4 Bg4 7. h3 Bh5 8. g4 Bg6 9. Qb3 Qb6 10. Qxb6 axb6 11. g5 Nfd7 12. Nxg6 hxg6 13. e4 dxc4 14. Bxc4 b5 15. Bd3 b4 16. Ne2 bxa3 17. bxa3 c5 18. d5 exd5 19. exd5 Bd6 20. Rb1 b6 21. f4 Ra5 22. Nc3 c4 23. Bxc4 Bxa3 24. Bd2 O-O 25. Nb5 Ra8 26. Ra1 Rc8 27. Rxa3 1-0


[Site "https://www.chess.com"]

[Event "Titled Tuesday Blitz October 12 2021"]
[White "Vokhidov, Shamsiddin"]
[Black "Nigmatov, Ortik"]
[WhiteFideId "14204223"]
[BlackFideId "14202131"]
[WhiteElo "2616"]
[BlackElo "2346"]
[Result "1-0"]
[Round "05"]
[TimeControl "180+1"]
[Date "2021.10.12"]
[WhiteClock "0:01:52"]
[BlackClock "0:00:23"]

1. e4 c5 2. Nf3 d6 3. d4 cxd4 4. Nxd4 Nf6 5. Nc3 a6 6. h3 e5 7. Nb3 b5 8. a4 b4 9. Nd5 Bb7 10. Bg5 Nbd7 11. Bc4 Rc8 12. Bxf6 Nxf6 13. Nxf6+ Qxf6 14. Qd3 Be7 15. Na5 Ba8 16. Bxa6 Rc7 17. Qb5+ Rd7 18. Bc8 O-O 19. Bxd7 Bxe4 20. Bc6 Bxc2 21. O-O Qg5 22. Rac1 Bf5 23. Kh1 Qh6 24. Bd7 Be4 25. f3 Bg6 26. Qxb4 Qe3 27. Nc6 Bg5 28. Rce1 Qd3 29. Rd1 Qe3 30. Qxd6 h5 31. Ne7+ Bxe7 32. Qxe7 Qf4 33. a5 1-0


[Site "https://www.chess.com"]

[Event "Titled Tuesday Blitz October 12 2021"]
[White "Warmerdam, Max"]
[Black "Viani Antonio Dcunha"]
[WhiteFideId "1048104"]
[BlackFideId "5027330"]
[WhiteElo "2537"]
[BlackElo "2366"]
[Result "1-0"]
[Round "05"]
[TimeControl "180+1"]
[Date "2021.10.12"]
[WhiteClock "0:02:07"]
[BlackClock "0:01:53"]

1. e4 e5 2. Nf3 Nc6 3. Bb5 a6 4. Ba4 Nf6 5. O-O b5 6. Bb3 Bc5 7. a4 Rb8 8. c3 d6 9. d4 Bb6 10. a5 Ba7 11. h3 O-O 12. Be3 Bb7 13. d5 Bxe3 14. dxc6 Bxf2+ 15. Rxf2 Bxc6 16. Nbd2 Nxe4 17. Nxe4 Bxe4 18. Nd2 Bb7 19. Qe2 Qe7 20. Raf1 d5 21. Nf3 f6 22. Nd4 Rbd8 23. Nf5 Qd7 24. Qe3 g6 25. Nh6+ Kg7 26. Ng4 d4 27. Qh6+ 1-0


[Site "https://www.chess.com"]

[Event "Titled Tuesday Blitz October 12 2021"]
[White "Yilmaz, Mustafa"]
[Black "Nogerbek, Kazybek"]
[WhiteFideId "6302718"]
[BlackFideId "13710427"]
[WhiteElo "2518"]
[BlackElo "2436"]
[Result "1-0"]
[Round "05"]
[TimeControl "180+1"]
[Date "2021.10.12"]
[WhiteClock "0:00:29"]
[BlackClock "0:00:03"]

1. d4 Nf6 2. c4 e6 3. Nf3 d5 4. Nc3 Be7 5. Bf4 O-O 6. e3 c5 7. dxc5 Bxc5 8. cxd5 Nxd5 9. Nxd5 exd5 10. Bd3 Bb4+ 11. Nd2 Nc6 12. O-O Be7 13. a3 Bf6 14. Rc1 Be6 15. b4 Qb6 16. b5 Ne5 17. Bxe5 Bxe5 18. Bxh7+ Kxh7 19. Qh5+ Kg8 20. Qxe5 d4 21. Qxd4 Qxb5 22. Qa1 Rfd8 23. Nf3 Bd5 24. Nd4 Qd7 25. Rfd1 Rac8 26. h3 b6 27. Qb2 Bb7 28. Qe2 Rc5 29. Qg4 Qxg4 30. hxg4 g6 31. f3 Rdc8 32. Rxc5 Rxc5 33. Kf2 b5 34. Rb1 a6 35. a4 Bc8 36. axb5 axb5 37. Rxb5 Rc1 38. g5 Kg7 39. Rb6 Ra1 40. e4 Ra2+ 41. Kg3 Ba6 42. Rb1 Rd2 43. Nc6 Rd6 44. Ne5 Re6 45. Kf4 Re7 46. Ng4 Bc8 47. Nf6 Rc7 48. Ne8+ 1-0


[Site "https://www.chess.com"]

[Event "Titled Tuesday Blitz October 12 2021"]
[White "Zarnicki, Pablo"]
[Black "Obregon, Andres Carlos"]
[WhiteFideId "100137"]
[BlackFideId "111724"]
[WhiteElo "2467"]
[BlackElo "2572"]
[Result "1-0"]
[Round "05"]
[TimeControl "180+1"]
[Date "2021.10.12"]
[WhiteClock "0:00:11"]
[BlackClock "0:00:18"]

1. e4 e5 2. Nf3 Nc6 3. Nc3 Nf6 4. d4 exd4 5. Nxd4 Bb4 6. Nxc6 bxc6 7. Bd3 O-O 8. O-O Re8 9. Bg5 h6 10. Bh4 Rb8 11. f4 Be7 12. e5 Nd5 13. Bxe7 Qxe7 14. Nxd5 cxd5 15. b3 d6 16. Qf3 dxe5 17. fxe5 Be6 18. Rae1 c5 19. Qg3 Rb4 20. h3 Qg5 21. Qxg5 hxg5 22. a3 Rb6 23. Re3 c4 24. bxc4 dxc4 25. Be2 Rb2 26. Rc3 Bd5 27. Bxc4 Bxc4 28. Rxc4 Rxe5 29. Rc8+ Kh7 30. Rxf7 Re2 31. Rcc7 a5 32. Rxg7+ Kh6 33. Rgd7 g4 34. hxg4 Rexc2 35. Rd6+ Kg5 36. Rd5+ Kxg4 37. Rxc2 Rxc2 38. Rxa5 Kg3 39. Rg5+ Kf4 40. Rh5 Ra2 41. Rh3 Kg4 42. Kh2 Ra1 43. Rb3 Ra2 44. Rb4+ Kg5 45. a4 Kh5 46. Kh3 Kg5 47. g3 Ra1 48. Rb5+ Kg6 49. a5 Ra4 50. g4 Ra1 51. Rb6+ Kg5 52. Rb5+ Kf4 53. Rf5+ Ke4 54. Kh4 Ra2 55. Kg5 Ra1 56. Kg6 Rc1 57. g5 Rc8 58. Rf6 Rg8+ 59. Kh6 Ke5 60. Rf1 Rh8+ 61. Kg7 Ra8 62. g6 Ke6 63. a6 Ra7+ 64. Kh8 Ra8+ 65. Kh7 Rxa6 66. g7 Ra7 67. Kh8 Ra8+ 68. g8=Q+ Rxg8+ 69. Kxg8 Ke5 70. Kg7 Ke6 71. Kg6 Ke5 72. Kg5 Ke4 73. Rf4+ Ke3 74. Kf5 Kd3 75. Re4 Kd2 76. Ke5 Kd3 77. Kd5 Kc3 78. Rd4 Kc2 79. Kc5 Kc3 80. Rd5 Kc2 81. Kc4 Kb2 82. Rd2+ Kc1 83. Kc3 1-0


[Site "https://www.chess.com"]